 Dungeon Crawl Stone Soup version 0.23.2-1-ga50397a6bc (webtiles) character file.

Game seed: 14049807602874623184

905 FluffierThanThou the Skirmisher (level 7, 0/64 HPs)
             Began as a Minotaur Fighter on May 19, 2019.
             Slain by Prince Ribbit (13 damage)
             ... on level 5 of the Dungeon.
             The game lasted 00:07:58 (2579 turns).

FluffierThanThou the Skirmisher (Minotaur Fighter)  Turns: 2579, Time: 00:07:59

Health: 0/64       AC:  9    Str: 22    XL:     7   Next: 80%
Magic:  6/6        EV:  8    Int:  5    God:
Gold:   162        SH: 10    Dex: 10    Spells: 6/6 levels left

rFire    . . .     SeeInvis .   a - +0 war axe
rCold    . . .     Gourm    .   c - +0 shield
rNeg     . . .     Faith    .   b - +0 scale mail
rPois    .         Spirit   .   (helmet restricted)
rElec    .         Reflect  .   (no cloak)
rCorr    .         Harm     .   (no gloves)
MR       +....     Rnd*Tele +   q - +0 pair of boots
Stlth    ..........             g - amulet of magic regeneration
HPRegen  0.20/turn              l - ring of teleportation (curse)
MPRegen  0.35/turn              r - ring of protection from magic

@: hasted, very quick
A: retaliatory headbutt, horns 2
a: no special abilities


You were on level 5 of the Dungeon.
You were hungry.

You visited 1 branch of the dungeon, and saw 5 of its levels.

You collected 162 gold pieces.

Inventory:

Hand Weapons
 a - a +0 war axe (weapon)
Armour
 b - a +0 scale mail (worn)
 c - a +0 shield (worn)
 q - a +0 pair of boots (worn)
Jewellery
 g - an amulet of magic regeneration (around neck)
 l - a cursed ring of teleportation (left hand)
 r - a ring of protection from magic (right hand)
Scrolls
 h - a scroll of immolation
 j - 4 scrolls of teleportation
Potions
 k - a potion of invisibility {unknown}
 n - a potion of agility {unknown}
 p - a potion of curing {unknown}
Comestibles
 f - 11 rations


   Skills:
 + Level 6.5 Fighting
 + Level 5.7 Axes
 + Level 6.4 Armour
 + Level 6.3 Shields


You had 6 spell levels left.
You didn't know any spells.
Your spell library contained the following spells:

 Spells                   Type           Power        Failure   Level  Hunger
 Magic Dart               Conj           #...         98%         1    ##.....
 Blink                    Tloc           N/A          99%         2    ###....
 Call Imp                 Summ           #.......     99%         2    ###....
 Slow                     Hex            #.......     99%         2    ###....
 Conjure Flame            Conj/Fire      #.......     100%        3    ####...
 Mephitic Cloud           Conj/Pois/Air  #.......     100%        3    ####...


Dungeon Overview and Level Annotations

Branches:
Dungeon (5/15)
 Temple: D:4-7

Altars:
Kikubaaqudgha
Makhleb
Nemelex Xobeh
Sif Muna
Yredelemnul

Shops:
D:4 :

Annotations:
D:5 Prince Ribbit


Innate Abilities, Weirdness & Mutations

You reflexively headbutt those who attack you in melee.
You have a pair of horns on your head.


Message History

The orc wizard is severely wounded.
You slash the orc!
You kill the orc!
You slash Prince Ribbit! You slash the leopard gecko skeleton!
You destroy the leopard gecko skeleton!
Prince Ribbit closely misses you. The orc wizard casts a spell at you.
The magic dart hits you but does no damage.
Your shield and scale mail prevent you from hitting the orc wizard.
Your headbutt misses the orc wizard.
The orc wizard is severely wounded.
You slash Prince Ribbit! You block Prince Ribbit's attack.
Prince Ribbit hits you!
* * * LOW HITPOINT WARNING * * *
You block the orc wizard's attack.
You slash the orc wizard!
You kill the orc wizard!
Your shield and scale mail prevent you from hitting Prince Ribbit.
Prince Ribbit hits you!
You die...

# # # # #. #
#.## #..#####
#......#
#......# .
#....F@#
)..###....))#
......))....#
..###......#
###.#### #..#
##.# #.# #.#


You could see Prince Ribbit.

Vanquished Creatures
  A hippogriff (D:3)
  An ice beast (D:5)
  A scorpion (D:5)
  2 vampire bats (D:4)
  A howler monkey (D:4)
  A crimson imp (D:5)
  A hound (D:5)
  An orc priest (D:5)
  2 bullfrog skeletons (D:4)
  Jessica (D:3)
  An orc wizard (D:5)
  A worker ant (D:4)
  A hound skeleton (D:4)
  11 adders
  2 oozes
  2 adder skeletons
  4 worms
  6 dart slugs
  8 leopard geckos
  6 orcs (D:5)
  3 bat skeletons (D:4)
  2 bat zombies (D:4)
  4 giant cockroaches
  7 hobgoblins
  3 jackals (D:1)
  2 quokkas
  A ball python (D:1)
  6 bats
  A frilled lizard (D:1)
  7 goblins
  8 kobolds
  A leopard gecko skeleton (D:5)
  A quokka skeleton (D:4)
  7 rats
107 creatures vanquished.

Notes
Turn   | Place    | Note
-------+----------+-------------------------------------------
     0 | D:1      | FluffierThanThou the Minotaur Fighter began the quest for
                  | the Orb.
     0 | D:1      | Reached XP level 1. HP: 19/19 MP: 0/0
    97 | D:1      | Reached XP level 2. HP: 25/27 MP: 1/1
   262 | D:1      | Reached XP level 3. HP: 33/33 MP: 2/2
   772 | D:2      | Reached XP level 4. HP: 35/41 MP: 3/3
  1194 | D:2      | Found a basalt altar of Yredelemnul.
  1194 | D:2      | Found a deep blue altar of Sif Muna.
  1195 | D:2      | Found a burning altar of Makhleb.
  1674 | D:3      | Noticed Jessica
  1679 | D:3      | Killed Jessica
  1679 | D:3      | Reached XP level 5. HP: 46/47 MP: 4/4
  1687 | D:3      | Noticed a hippogriff
  1693 | D:3      | Killed a hippogriff
  1693 | D:3      | Reached skill level 5 in Fighting
  1693 | D:3      | Reached skill level 5 in Armour
  1693 | D:3      | Reached skill level 5 in Shields
  1693 | D:3      | Reached XP level 6. HP: 38/56 MP: 5/5
  1854 | D:4      | Found Yfotadd's Book Boutique.
  1900 | D:4      | Found a sparkling altar of Nemelex Xobeh.
  1972 | D:4      | Reached XP level 7. HP: 60/62 MP: 6/6
  2075 | D:4      | Found an ancient bone altar of Kikubaaqudgha.
  2080 | D:4      | Reached skill level 5 in Axes
  2305 | D:5      | Entered Level 5 of the Dungeon
  2443 | D:5      | Noticed Prince Ribbit
  2579 | D:5      | Slain by Prince Ribbit

Skill      XL: |  1  2  3  4  5  6  7 |
---------------+----------------------+-----
Fighting       | 4 5 6 |  6.5
Shields        | 4 5 6 |  6.3
Armour         | 4 5 6 |  6.4
Axes           | 3 4 5 |  5.7

Action                   |  1- 3 |  4- 6 |  7- 9 || total
-------------------------+-------+-------+-------++-------
Melee: War axe           |    86 |    97 |    65 ||   248
       Headbutt          |    16 |    18 |    11 ||    45
  Use: Potion            |       |     1 |     3 ||     4
       Scroll            |       |     2 |     3 ||     5
  Eat: Chunk             |       |     3 |     2 ||     5
Armor: Scale mail        |    45 |    36 |    39 ||   120
Dodge: Dodged            |    20 |    40 |    30 ||    90
Block: Shield            |    48 |    65 |    54 ||   167
